 Dungeon Crawl Stone Soup version 0.26-a0-800-g517d6fe721 (webtiles) character file.

Game seed: 13382349384465203301

337 lunkers the Digger (level 6, -5/36 HPs)
             Began as an Octopode Earth Elementalist on Nov 11, 2020.
             Killed by divine providence
             ... invoked by an orc priest
              (12 damage)
             ... on level 4 of the Dungeon.
             The game lasted 00:04:53 (3502 turns).

lunkers the Digger (Octopode Earth Elementalist)    Turns: 3502, Time: 00:04:53

Health: -5/36      AC:  1    Str:  7    XL:     6   Next: 54%
Magic:  0/11       EV: 13    Int: 19    God:
Gold:   108        SH:  0    Dex: 13    Spells: 6/12 levels left

rFire    . . .     SeeInvis .   n - +0 dagger (venom)
rCold    . . .     Faith    .   (no shield)
rNeg     . . .     Spirit   .   (helmet restricted)
rPois    .         Reflect  .   (no amulet)
rElec    .         Harm     .   (no ring)
rCorr    .         Rampage  .   (no ring)
MR       .....                  (no ring)
Stlth    +++.......             (no ring)
HPRegen  0.12/turn              (no ring)
MPRegen  0.12/turn              (no ring)
                                (no ring)
                                (no ring)

@: no status effects
A: almost no armour, stealthy swim, amphibious, 8 rings, constrict 8, camouflage
1, gelatinous body 1
a: no special abilities


You were on level 4 of the Dungeon.
You visited 1 branch of the dungeon, and saw 4 of its levels.

You collected 108 gold pieces.

Inventory:

Hand Weapons
 n - a +0 dagger of venom (weapon)
Missiles
 b - 44 stones (quivered)
Jewellery
 k - an uncursed ring of see invisible {unknown}
 q - an uncursed amulet of guardian spirit {unknown}
Wands
 r - a wand of polymorph (12)
Scrolls
 f - 2 scrolls of fear {unknown}
 g - 4 scrolls of identify {unknown}
 h - 2 scrolls of blinking {unknown}
 i - a scroll of amnesia {unknown}
 j - 2 scrolls of enchant armour {unknown}
 m - a scroll of enchant weapon {unknown}
 o - 3 scrolls of remove curse {unknown}
 s - a scroll of fog {unknown}
 t - a scroll of magic mapping {unknown}
Potions
 a - a potion of brilliance {unknown}
 c - 2 potions of haste {unknown}
 d - 3 potions of heal wounds {unknown}
 e - 2 potions of might {unknown}
 l - a potion of curing {unknown}
 p - a potion of berserk rage {unknown}


   Skills:
 - Level 2.0 Dodging
 - Level 2.6 Stealth
 + Level 3.8 Spellcasting
 - Level 1.0 Transmutations
 * Level 6.1 Earth Magic


You had 6 spell levels left.
You knew the following spells:

 Your Spells              Type           Power        Failure   Level
a - Sandblast             Erth           ####..       1%          1
b - Passwall              Tmut/Erth      ###.....     4%          2
c - Stone Arrow           Conj/Erth      ###...       12%         3

Your spell library contained the following spells:

 Spells                   Type           Power        Failure   Level
 Magic Dart               Conj           #...         14%         1
 Blink                    Tloc           N/A          22%         2
 Call Imp                 Summ           #.......     22%         2
 Slow                     Hex            #.......     22%         2
 Lee's Rapid Deconstruct  Erth           ####......   30%         5
 Petrify                  Tmut/Erth      ###.....     32%         4
 Conjure Flame            Conj/Fire      #.......     38%         3
 Mephitic Cloud           Conj/Pois/Air  #.......     38%         3


Dungeon Overview and Level Annotations

Branches:
Dungeon (4/15)
 Temple: D:4-7

Altars:
Kikubaaqudgha
Ru


Innate Abilities, Weirdness & Mutations

You cannot wear most types of armour.
You are very stealthy in the water. (Stealth+)
You are amphibious.
You can wear up to eight rings at the same time.
You can use your tentacles to constrict eight enemies at once.
Your skin changes colour to match your surroundings (Stealth+).
Your rubbery body absorbs attacks. (AC +1, EV +1)


Message History

Press: ? - help, Shift-Dir - straight line, f/p - orc priest
Aim: an orc priest, wielding a +0 falchion and wearing a cursed +0 scale mail (lightly wounded)
The blast of sand misses the orc priest.
b - 45 stones
* * * LOW MAGIC WARNING * * *
The orc priest mumbles some strange prayers to Beogh against you.
Pain shoots through your body!
* * * LOW HITPOINT WARNING * * *
Casting: Sandblast (safe; 1% risk of failure)
Confirm with . or Enter, or press ? or * to list all spells.
Aiming: Sandblast (safe; 1% risk of failure)
Press: ? - help, Shift-Dir - straight line, f/p - orc priest
Aim: an orc priest, wielding a +0 falchion and wearing a cursed +0 scale mail (lightly wounded)
The blast of sand hits the orc priest.
The orc priest is heavily wounded.
b - 44 stones
* * * LOW MAGIC WARNING * * *
The orc priest mumbles some strange prayers to Beogh against you.
Beogh smites you!
You die...

..
####################....
.............[..@.o.....
#############...).......
..... +...)....... #####
#........### .#
#.....#### .# #.......
.# #........ .#
#.......>. .# #####.....


You could see an orc priest.

Vanquished Creatures
  An ogre (D:3)
  A bullfrog (D:3)
  An orc wizard (D:4)
  Robin (D:2)
  4 gnolls (D:3)
  2 adders (D:2)
  An ooze (D:3)
  An adder skeleton (D:4)
  2 worms (D:3)
  2 dart slugs
  A leopard gecko (D:1)
  9 orcs
  4 bats
  2 giant cockroaches (D:1)
  12 goblins
  6 hobgoblins
  2 jackals (D:1)
  7 kobolds
  3 frilled lizards (D:1)
  7 rats
69 creatures vanquished.

Notes
Turn   | Place    | Note
-------+----------+-------------------------------------------
     0 | D:1      | lunkers the Octopode Earth Elementalist began the quest for
                  | the Orb.
     0 | D:1      | Reached XP level 1. HP: 11/11 MP: 3/3
   122 | D:1      | Reached XP level 2. HP: 2/17 MP: 1/5
   770 | D:1      | Reached XP level 3. HP: 21/21 MP: 4/6
  1369 | D:2      | Noticed Robin
  1476 | D:2      | Reached skill level 4 in Earth Magic
  1769 | D:2      | Reached XP level 4. HP: 21/27 MP: 3/8
  1896 | D:2      | Killed Robin
  2051 | D:2      | Learned a level 2 spell: Passwall
  2055 | D:2      | Learned a level 3 spell: Stone Arrow
  2541 | D:3      | Reached XP level 5. HP: 24/31 MP: 5/9
  2651 | D:3      | Reached skill level 5 in Earth Magic
  2752 | D:3      | Found an ancient bone altar of Kikubaaqudgha.
  2958 | D:3      | Noticed an ogre
  2962 | D:3      | Found a sacrificial altar of Ru.
  2967 | D:3      | Killed an ogre
  2967 | D:3      | Reached XP level 6. HP: 36/36 MP: 4/11
  3301 | D:3      | Reached skill level 6 in Earth Magic
  3502 | D:4      | Killed from afar by an orc priest

Illustrated notes

Levels and vault maps discovered:
D:1:      co_arrival_square_in_a_square_in_a_square, layout_basic
D:2:      layout_basic, grunt_ministairs_15, uniq_robin
D:3:      layout_basic, nicolae_ru_awakened_eye, kiku_gazebo_pond_becter,
          fountainhead, kennysheep_generic_room_6
D:4:      layout_basic

Skill      XL: |  1  2  3  4  5  6 |
---------------+-------------------+-----
Earth Magic    | 4 5 6 |  6.1
Spellcasting   | 3 |  3.8
Dodging        | |  2.0
Stealth        | |  2.6
Transmutations | |  1.0

Action                   |  1- 3 |  4- 6 || total
-------------------------+-------+-------++-------
Melee: Unarmed           |    29 |     3 ||    32
       Constrict         |     6 |     2 ||     8
       Tentacles         |     2 |     1 ||     3
       Dagger            |       |     5 ||     5
 Cast: Sandblast         |    42 |    63 ||   105
 Stab: Sleeping          |     4 |     1 ||     5
Armor: Skin              |     4 |     1 ||     5
Dodge: Dodged            |    21 |    16 ||    37

Table legend: (Time is in decaauts)
 A = Elapsed time spent in this place.
 B = Non-inter-level travel time spent in this place.
 C = Inter-level travel time spent in this place.
 D = Time resting spent in this place.
 E = Time spent auto-exploring this place.
 F = Levels seen in this place.
 G = Mean time per level.
                   A        B        C        D        E       F      G
               +--------+--------+--------+--------+--------+-----+--------+
         Total |   3501 |   3404 |     97 |    138 |   2771 |   4 |  875.2 |
       Dungeon |   3501 |   3404 |     97 |    138 |   2771 |   4 |  875.2 |
               +--------+--------+--------+--------+--------+-----+--------+

Top non-repeatable levels by time:
     D:2: 1277 daAuts
     D:1: 1215 daAuts
     D:3: 912 daAuts
     D:4: 96 daAuts
